 Dungeon Crawl Stone Soup version 0.29.1-12-g30fa7ad0bf (webtiles) character file.

Game seed: 3443573993597039581

2005 ThatPearl the Gusty (level 8, -1/69 HPs)
             Began as a Demigod Air Elementalist on Jan 9, 2023.
             Killed by their own static electricity (4 damage)
             ... on level 7 of the Dungeon.
             The game lasted 00:22:41 (9242 turns).

ThatPearl the Gusty (Demigod Air Elementalist)      Turns: 9242, Time: 00:22:41

Health: -1/69      AC:  3    Str:  9    XL:     8   Next: 71%
Magic:  8/19       EV: 13    Int: 31    God:
Gold:   241        SH:  0    Dex: 14    Spells: 5/17 levels left

rFire   . . .      SeeInvis .   d - +0 sling
rCold   . . .      Faith    .   (no shield)
rNeg    + . .      Spirit   .   a - +0 robe
rPois   .          Reflect  .   (no helmet)
rElec   .          Harm     .   C - +0 cloak
rCorr   .          Rampage  .   (no gloves)
Will    .....                   (no boots)
Stlth   ++........              (no amulet)
HPRegen 0.21/turn               l - +6 ring of intelligence
MPRegen 0.16/turn               i - ring of positive energy

@: no status effects
A: high MP 1, forlorn, divine attributes
a: no special abilities


You were on level 7 of the Dungeon.
You visited 1 branch of the dungeon, and saw 7 of its levels.

You collected 241 gold pieces.

Inventory:

Hand Weapons
 d - a +0 sling (weapon)
 e - a +0 spear
 f - a +1 dagger of electrocution
 k - a +3 trident
 q - a +2 short sword of venom
Missiles
 c - 22 stones
 o - 3 poisoned darts
Armour
 a - a +0 robe (worn)
 C - a +0 cloak (worn)
Jewellery
 i - a ring of positive energy (right hand)
 l - a +6 ring of intelligence (left hand)
 v - an amulet of magic regeneration
Wands
 r - a wand of roots (16)
 t - a wand of acid (11)
Scrolls
 j - 3 scrolls of enchant weapon {unknown}
 m - a scroll of enchant armour {unknown}
 p - 7 scrolls of identify {unknown}
 s - 3 scrolls of silence {unknown}
 u - 3 scrolls of butterflies {unknown}
 w - a scroll of noise {unknown}
 x - 2 scrolls of blinking {unknown}
 y - a scroll of immolation {unknown}
 D - a scroll of torment {unknown}
Potions
 b - a potion of magic
 g - 3 potions of haste
 h - 2 potions of flight
 z - a potion of ambrosia {unknown}
 A - a potion of resistance {unknown}
 B - a potion of degeneration {unknown}


   Skills:
 + Level 5.5 Fighting
 + Level 4.0 Dodging
 - Level 1.7 Stealth
 + Level 5.0 Spellcasting
 - Level 2.1 Conjurations
 + Level 1.9 Necromancy
 + Level 6.3 Air Magic


You had 5 spell levels left.
You knew the following spells:

 Your Spells              Type           Power      Damage    Failure   Level
a - Airstrike             Air            23%        2d(4-20)  4%          4
b - Borgnjor's Vile Clut  Necr/Erth      6%         N/A       71%         5
h - Shock                 Conj/Air       100%       1d9       1%          1
s - Static Discharge      Conj/Air       34%        3-8/arc   1%          2

Your spell library contained the following spells:

 Spells                   Type           Power      Damage    Failure   Level
 Swiftness                Air            46%        N/A       1%          3
 Sandblast                Erth           14%        2d6       5%          1
 Ensorcelled Hibernation  Hex/Ice        14%        N/A       9%          2
 Passwall                 Tmut/Erth      5%         N/A       9%          2
 Conjure Flame            Conj/Fire      14%        6-21      11%         3
 Stone Arrow              Conj/Erth      28%        3d8       11%         3
 Ignite Poison            Fire/Tmut/Pois 7%         N/A       16%         3
 Spider Form              Tmut/Pois      7%         N/A       16%         3
 Sticky Flame             Conj/Fire      14%        2d4       34%         4
 Anguish                  Hex/Necr       6%         N/A       36%         4
 Alistair's Intoxication  Tmut/Pois      4%         N/A       83%         5
 Eringya's Noxious Bog    Tmut/Pois      3%         N/A       100%        6
 Borgnjor's Revivificati  Necr           9%         N/A       100%        8
 Necromutation            Tmut/Necr      6%         N/A       100%        8
 Death's Door             Necr           9%         N/A       100%        9


Dungeon Overview and Level Annotations

Branches:
Dungeon (7/15)             Temple (0/1) D:5

Annotations:
D:5 1 runed translucent door, Crazy Yiuf


Innate Abilities, Weirdness & Mutations

You have an increased reservoir of magic. (+10% MP)
You shall have no god before yourself.
Your divine heritage dramatically boosts your attributes as you level up.


Message History

Press: ? - help, Q - select action, (/) - cycle Shift-Dir - straight line, f/p - gnoll
Aim: a gnoll, wielding a +0 club (severely wounded, covering ground quickly, 77% to hit)
The zap hits the water moccasin.
You kill the water moccasin!
The zap hits the gnoll.
You kill the gnoll!
The zap hits the gnoll.
The gnoll is severely wounded.
The zap hits the gnoll.
The gnoll is lightly wounded.
* * * LOW HITPOINT WARNING * * *
You feel very sick.
Aiming: Shock (safe; 1% risk of failure)
Press: ? - help, Q - select action, (/) - cycle Shift-Dir - straight line, f/p - gnoll
Aim: a gnoll, wielding a +0 club (severely wounded, covering ground quickly, 77% to hit)
Okay, then.
You feel better.
Aiming: Shock (safe; 1% risk of failure)
Press: ? - help, Q - select action, (/) - cycle Shift-Dir - straight line, p - gnoll The zap hits the gnoll.
The gnoll is severely wounded.
The zap hits the gnoll but does no damage.
The gnoll is lightly wounded.
The gnoll hits you with a +0 club.
* * * LOW HITPOINT WARNING * * *
Aiming: Shock (safe; 1% risk of failure)
Press: ? - help, Q - select action, (/) - cycle Shift-Dir - straight line, f - gnoll
Aim: a gnoll, wielding a +0 flail (lightly wounded, covering ground quickly, 77% to hit)
The zap hits the gnoll.
The gnoll is almost dead.
The zap hits the gnoll!
The gnoll is heavily wounded.
The gnoll hits you with a +0 club!
* * * LOW HITPOINT WARNING * * *
Casting: Shock (safe; 1% risk of failure)
Confirm with . or Enter, or press ? or * to list all spells.
The gnoll is struck by an arc of lightning!
You kill the gnoll!
You are struck by an arc of lightning.
You die...

....#..
.....#
#..)#
##...#
#....#
.gg...#.#
#..$g #g#
.#.. #)# #.
#@#### #
#....#
#.##.#
#..#.##
#.....#####
#...#....>#
#.#...###.#
#.##### #.#
#.# #.#


You could see a gnoll (swift).

Vanquished Creatures
  A water moccasin (D:7)
  A sky beast (D:5)
  2 black bears (D:4)
  A centaur (D:6)
  4 ogres
  2 scorpions
  A bullfrog (D:6)
  5 wights (D:6)
  A howler monkey (D:6)
  3 jellies
  2 hounds (D:5)
  2 gnoll boudas
  3 orc priests
  An iguana (D:5)
  Natasha (thrice) (D:2)
  3 orc wizards
  12 adders
  7 gnolls
  A white imp (D:5)
  An ufetubus (D:5)
  A dart slug (D:1)
  23 orcs
  2 ball pythons (D:2)
  10 endoplasms
  3 giant cockroaches
  2 goblins
  8 hobgoblins
  7 jackals
  6 quokkas
  4 bats
  2 frilled lizards (D:1)
  3 kobolds
  5 rats
  2 rat zombies (D:6)
134 creatures vanquished.

Notes
Turn   | Place    | Note
-------+----------+-------------------------------------------
     0 | D:1      | ThatPearl the Demigod Air Elementalist began the quest for
                  | the Orb.
     0 | D:1      | Reached XP level 1. HP: 14/14 MP: 5/5
     3 | D:1      | Noticed an electric eel
     4 | D:1      | Noticed an electric eel
    18 | D:1      | Reached skill level 1 in Conjurations
   566 | D:1      | Reached XP level 2. HP: 12/22 MP: 4/7
   569 | D:1      | Learned a level 2 spell: Static Discharge
  1078 | D:1      | Reached skill level 3 in Air Magic
  1082 | D:1      | Reached skill level 1 in Fighting
  1738 | D:2      | Noticed Natasha
  1741 | D:2      | Killed Natasha
  1742 | D:2      | Reached XP level 3. HP: 26/28 MP: 3/8
  2128 | D:2      | Reached XP level 4. HP: 36/36 MP: 7/9
  2154 | D:2      | Noticed Natasha
  2181 | D:2      | Killed Natasha
  2327 | D:2      | Noticed Natasha
  2330 | D:2      | Killed Natasha
  3282 | D:3      | Reached skill level 4 in Air Magic
  3282 | D:3      | Reached XP level 5. HP: 32/42 MP: 6/11
  3449 | D:3      | Noticed an ogre
  4076 | D:3      | Killed an ogre
  4148 | D:4      | Reached XP level 6. HP: 46/51 MP: 10/13
  5709 | D:5      | Entered Level 5 of the Dungeon
  5718 | D:5      | Reached skill level 5 in Air Magic
  5718 | D:5      | Reached XP level 7. HP: 53/59 MP: 8/15
  5723 | D:5      | Learned a level 4 spell: Airstrike
  5729 | D:5      | Learned a level 5 spell: Borgnjor's Vile Clutch
  5809 | D:5      | Found a staircase to the Ecumenical Temple.
  6618 | D:5      | Found a runed translucent door.
  6619 | D:5      | Noticed Crazy Yiuf
  7869 | D:5      | HP: 2/60 [iguana (13)]
  7885 | D:5      | HP: 3/135 [something (6)]
  7898 | D:5      | Reached XP level 8. HP: 5/67 MP: 5/18
  8220 | D:6      | Reached skill level 5 in Fighting
  8372 | D:6      | Reached skill level 6 in Air Magic
  8496 | D:6      | Reached skill level 1 in Necromancy
  9233 | D:7      | Reached skill level 5 in Spellcasting
  9241 | D:7      | HP: 3/69 [gnoll/+0 club[a gnoll bouda] (7)]
  9242 | D:7      | Killed from afar by themself

Illustrated notes

Levels and vault maps discovered:
D:1:      arrival_aquarium_b, layout_loops_corners,
          chequers_ecumenical_altar_grove
D:2:      layout_basic, kennysheep_nub, uniq_natasha
D:3:      minmay_door_path, layout_loops_ring, kennysheep_decorative_pillar,
          dreamdust_mushroom_princess, hangedman_decor_growths,
          nicolae_concentric_dashed_squares_wild, minmay_misc_feat_chi,
          nicolae_elevator_lobby_asterisk
D:4:      layout_basic, trog_ov_bears_minmay
D:5:      layout_gridville, minmay_temple_entry_glassed_door,
          uniq_crazy_yiuf_cottage
D:6:      layout_rooms, overflow_temple_1_default, lemuel_tele_altar,
          enter_ossuary_4
D:7:      wad_guarded_room, layout_loops_corners, kennysheep_little_box,
          minitemple

Skill      XL: |  1  2  3  4  5  6  7  8 |
---------------+-------------------------+-----
Conjurations   | 1 2 |  2.1
Air Magic      | 3 4 5 6 |  6.3
Fighting       | 1 2 3 4 5 |  5.5
Spellcasting   | 2 3 4 5 |  5.0
Dodging        | 3 4 |  4.0
Necromancy     | 1 |  1.9
Stealth        | |  1.7

Action                   |  1- 3 |  4- 6 |  7- 9 || total
-------------------------+-------+-------+-------++-------
Melee: Unarmed           |     4 |       |       ||     4
       Spear             |       |       |    15 ||    15
 Fire: Sling             |    62 |    40 |    17 ||   119
 Cast: Shock             |    25 |    82 |   114 ||   221
       Static Discharge  |     4 |    12 |    26 ||    42
       Airstrike         |       |       |     1 ||     1
Evoke: Wand              |       |       |     3 ||     3
  Use: Potion            |       |       |     9 ||     9
       Scroll            |       |       |     1 ||     1
Armor: Robe              |     6 |     6 |    13 ||    25
       Skin              |       |       |    16 ||    16
Dodge: Dodged            |    25 |    24 |    74 ||   123
